 Dungeon Crawl Stone Soup version 0.29-a0-334-gb41bcbb86e (webtiles) character file.

Game seed: 396751169126527657

86 spaghetti the Ducker (level 4, -1/31 HPs)
             Began as an Octopode Chaos Knight on Apr 13, 2022.
             Was a Plaything of Xom.
             Slain by an orc
             ... wielding a +0 club
              (5 damage)
             ... on level 3 of the Dungeon.
             The game lasted 00:02:47 (2358 turns).

spaghetti the Ducker (Octopode Chaos Knight)        Turns: 2358, Time: 00:02:48

Health: -1/31      AC:  1    Str: 11    XL:     4   Next: 49%
Magic:  4/4        EV: 14    Int: 14    God:    Xom [...*..]
Gold:   197        SH:  0    Dex: 13    Spells: 3/3 levels left

rFire   . . .      SeeInvis .   h - +1 dagger (flame) {short}
rCold   . . .      Faith    .   (no shield)
rNeg    . . .      Spirit   .   (helmet restricted)
rPois   .          Reflect  .   (no amulet)
rElec   .          Harm     .   (no ring)
rCorr   .          Rampage  .   (no ring)
Will    .....                   (no ring)
Stlth   ++........              (no ring)
HPRegen 0.10/turn               (no ring)
MPRegen 0.09/turn               (no ring)
                                (no ring)
                                (no ring)

@: no status effects
A: almost no armour, amphibious, 8 rings, camouflage 1, gelatinous body 1,
(nimble swimmer 1), tentacles
a: Renounce Religion


You were on level 3 of the Dungeon.
You worshipped Xom.
You were a favourite toy of Xom.
You visited 1 branch of the dungeon, and saw 3 of its levels.

You collected 197 gold pieces.


Innate Abilities, Weirdness & Mutations

You cannot wear most types of armour.
You are amphibious.
You can wear up to eight rings at the same time.
Your skin changes colour to match your surroundings (Stealth+).
Your rubbery body absorbs attacks. (AC +1, EV +1)
((You are camouflaged when in or above water. (Stealth+)))
You have tentacles for arms and can constrict up to eight enemies at once.


   Skills:
 - Level 3.0 Fighting
 - Level 3.0 Long Blades
 + Level 4.8 Dodging


You had 3 spell levels left.
You didn't know any spells.
Your spell library contained the following spells:

 Spells                   Type           Power      Damage    Failure   Level
 Dispersal                Tloc           0%         N/A       100%        6
 Disjunction              Tloc           0%         N/A       100%        8

Inventory:

Hand Weapons
 a - a +0 falchion of chaos {long}
 h - a +1 dagger of flaming (weapon) {short}
   (You found it on level 2 of the Dungeon)
Missiles
 e - 117 stones {throwing}
 j - 9 poisoned darts {throwing}
 t - 3 javelins {throwing}
Scrolls
 k - a scroll of holy word {unknown}
 l - 2 scrolls of identify {unknown}
 o - a scroll of brand weapon {unknown}
 q - a scroll of noise {unknown}
 r - 2 scrolls of amnesia {unknown}
 s - a scroll of magic mapping {unknown}
Potions
 c - a potion of haste {unknown}
 d - a potion of ambrosia {unknown}
 f - a potion of might {unknown}
 g - a potion of flight {unknown}
 i - a potion of brilliance {unknown}
 m - a potion of degeneration {unknown}
 n - 2 potions of heal wounds {unknown}
 p - a potion of resistance {unknown}
Miscellaneous
 b - a piece from Xom's chessboard (15/15) (quivered)

Dungeon Overview and Level Annotations

Branches:
Dungeon (3/15)

Altars:

..# #.##
######## ...#
#......# ...#
#.####.# ...#
#.# #.####
...# #####.#
#....#
#######.....#
##....#
........#####
#.?...#
....#######
#)@)..#
..........#
#o)o###
....#####.#
#...# ....#
#...# ....#
#...# ....#
#...# ....#
#...# ....#
##+## ....#


You could see 2 orcs.


Message History

No target in view!
No target in view!
No target in view!
No target in view!
No target in view!
No target in view!
No target in view!
No target in view!
No target in view!
No target in view!
No target in view!
No target in view!
No target in view!
No target in view!
No target in view!
Unknown command. "This might be better!"
The dart slug evaporates and reforms as a frilled lizard!
The frilled lizard bites you but does no damage.
You hit the frilled lizard. You burn the frilled lizard.
You kill the frilled lizard!
You see here a +0 whip {mace}.
Things that are here:
a jackal corpse; a jackal corpse You now have 197 gold pieces (gained 7).
j - 9 poisoned darts {throwing} (gained 4) 😎 HP[+1]
Your hp is fully restored (31).
r - 2 scrolls labelled SIESAZ JANEUS (gained 1) Key pressed, stopping explore.
e - 102 stones {throwing} (gained 19)
e - 117 stones {throwing} (gained 15)
s - a scroll labelled KEPPIMP VALAH No target in view!
t - 3 javelins {throwing} Key pressed, stopping explore.
An orc comes into view. It is wielding a +0 club.
An orc is nearby!
An orc is nearby! 2 orcs come into view.
An orc is wielding a +2 mace of protection.
The orc shouts!
You hear a shout!
An orc comes into view. It is wielding a +0 short sword.
The orc shouts! x2
An orc comes into view. It is wielding a +0 club.
You see here 2 scrolls labelled ZAJ FAOBICSYGEA.
The orc barely misses you.
The orc shouts! x2
You hit the orc. You burn the orc. Your grab misses the orc.
Your squeeze misses the orc. The orc barely misses you.
You hit the orc. You burn the orc.
You kill the orc!
The orc hits you with a +2 mace of protection.
The orc hits you with a +0 dagger. 😕 HP[-4]
You take 4 damage, and now have 27/31 hp.
You are too injured to fight recklessly!
You are too injured to fight recklessly!
You are too injured to fight recklessly!
You are too injured to fight recklessly!
You are too injured to fight recklessly!
You are too injured to fight recklessly!
You are too injured to fight recklessly!
You are too injured to fight recklessly!
You are too injured to fight recklessly!
You hit the orc but do no damage. You grab the orc. You squeeze the orc.
You constrict the orc, but do no damage.
The orc hits you with a +2 mace of protection.
The orc hits you with a +0 club. The orc misses you. 😮 HP[-10]
You take 10 damage, and now have 17/31 hp.
MASSIVE DAMAGE!! (PAUSE)
You hit the orc but do no damage.
You constrict the orc, but do no damage.
The orc completely misses you. The orc barely misses you.
The orc closely misses you.
You hit the orc but do no damage. You squeeze the orc.
You kill the orc!
The orc barely misses you. x2; The orc closely misses you.
You hit the orc but do no damage. Your grab misses the orc.
The orc hits you with a +0 club.
* * * LOW HITPOINT WARNING * * *
The orc hits you with a +0 dagger.
* * * LOW HITPOINT WARNING * * *
The orc hits you with a +0 club.
* * * LOW HITPOINT WARNING * * *
😱 HP[-10]
You take 10 damage, and now have 7/31 hp.
MASSIVE DAMAGE!! (PAUSE)
Okay, then.
You barely miss the orc. You grab the orc. You constrict the orc.
The orc closely misses you. x2; The orc hits you with a +0 club.
* * * LOW HITPOINT WARNING * * *
😱 HP[-3]
You take 3 damage, and now have 4/31 hp.
You hit the orc. You burn the orc.
You kill the orc!
The orc hits you with a +0 club.
You die...
Xom yawns loudly!

Skill      XL: |  1  2  3 |
---------------+----------+-----
Dodging        | 3 4 |  4.8
Fighting       | |  3.0
Long Blades    | |  3.0

Action                   |  1- 3 |  4- 6 || total
-------------------------+-------+-------++-------
Melee: Falchion          |    48 |       ||    48
       Tentacles         |    17 |     8 ||    25
       Constrict         |    19 |     7 ||    26
       Dagger            |    28 |    26 ||    54
  Use: Scroll            |     1 |       ||     1
 Stab: Sleeping          |     8 |     3 ||    11
Armor: Skin              |    10 |     1 ||    11
Dodge: Dodged            |    55 |    20 ||    75

Levels and vault maps discovered:
D:1:      heliophobic_arrival_enchanted_forest, layout_loops_ring,
          shapermc_ecumenical_altar_venn, hangedman_abyss_or_decor_lesser_grid
D:2:      layout_loops_corners, minmay_ruptured
D:3:      layout_basic

Notes
Turn   | Place    | Note
-------+----------+-------------------------------------------
     0 | D:1      | spaghetti the Octopode Chaos Knight began the quest for the
                  | Orb.
     0 | D:1      | Reached XP level 1. HP: 16/16 MP: 1/1
     0 | D:1      | magus.rc [v1.9.6]
    66 | D:1      | You pick up a book of the Warp and begin reading...
    66 | D:1      | You add the spells Dispersal and Disjunction to your
                  | library.
   135 | D:1      | Reached skill level 3 in Dodging
   135 | D:1      | Reached XP level 2. HP: 16/21 MP: 2/2
   163 | D:1      | XOM: silly message
   330 | D:1      | XOM: silly message
   335 | D:1      | XOM: silly message
   409 | D:1      | XOM: silly message
   427 | D:1      | XOM: divination: magic mapping
   494 | D:1      | Found a faded altar of an unknown god.
   721 | D:1      | Reached XP level 3. HP: 22/26 MP: 3/3
   744 | D:1      | XOM: 4-stop teleportation journey
   935 | D:2      | Reached skill level 4 in Dodging
   998 | D:2      | XOM: divination: magic mapping
  1057 | D:2      | XOM: 2-stop teleportation journey
  1284 | D:2      | XOM: smoke on damage
  1347 | D:2      | XOM: 1-stop teleportation journey
  1374 | D:2      | XOM: divination: detect items
  1375 | D:2      | magus.rc [v1.9.6]
  1691 | D:2      | XOM: god gift: scroll labelled JUUMIFUUQI {god gift}
  1770 | D:2      | Reached XP level 4. HP: 31/31 MP: 4/4
  1785 | D:2      | XOM: god gift: 32 gold pieces
  2244 | D:3      | XOM: polymorph dart slug -> frilled lizard
  2356 | D:3      | HP: 7/31 [orc/+0 club (3)]
  2358 | D:3      | Slain by an orc

Vanquished Creatures
  2 adders
  2 worms (D:2)
  2 dart slugs
  3 orcs (D:3)
  7 ball pythons
  3 endoplasms
  A giant cockroach (D:2)
  5 goblins
  4 hobgoblins
  8 jackals
  4 kobolds
  3 quokkas
  2 bats
  2 frilled lizards
  5 rats
53 creatures vanquished.

Table legend:
 A = Non-vault XP
 B = Vault XP
 C = Vault XP percentage of total XP
 D = Non-vault monster count
 E = Vault monster count
 F = Vault count percentage of total count
                 A         B        C        D         E       F
            +---------+---------+-------+---------+---------+-------
      Total |     126 |       0 |   0.0 |      53 |       0 |   0.0
            +---------+---------+-------+---------+---------+-------
        D:1 |      34 |       0 |   0.0 |      21 |       0 |   0.0
        D:2 |      53 |       0 |   0.0 |      19 |       0 |   0.0
        D:3 |      39 |       0 |   0.0 |      13 |       0 |   0.0
            +---------+---------+-------+---------+---------+-------

Illustrated notes

Table legend:
 A = Kills in this place as a percentage of kills in entire the game.
 B = Kills by you in this place as a percentage of kills by you in the entire game.
 C = Kills by friends in this place as a percentage of kills by friends in the entire game.
 D = Other kills in this place as a percentage of other kills in the entire game.
 E = Experience gained in this place as a percentage of experience gained in the entire game.
 F = Experience gained in this place divided by the number of levels of this place that you have seen.
                   A       B       C       D       E      F
               +-------+-------+-------+-------+-------+----------------------
         Total | 100.0 | 100.0 |   N/A |   N/A | 100.0 |  42.0
       Dungeon | 100.0 | 100.0 |   N/A |   N/A | 100.0 |  42.0
               +-------+-------+-------+-------+-------+----------------------

Table legend: (Time is in decaauts)
 A = Elapsed time spent in this place.
 B = Non-inter-level travel time spent in this place.
 C = Inter-level travel time spent in this place.
 D = Time resting spent in this place.
 E = Time spent auto-exploring this place.
 F = Levels seen in this place.
 G = Mean time per level.
                   A        B        C        D        E       F      G
               +--------+--------+--------+--------+--------+-----+--------+
         Total |   2359 |   2319 |     40 |    385 |   1624 |   3 |  786.3 |
       Dungeon |   2359 |   2319 |     40 |    385 |   1624 |   3 |  786.3 |
               +--------+--------+--------+--------+--------+-----+--------+

Top non-repeatable levels by time:
     D:2: 1165 daAuts
     D:1: 765 daAuts
     D:3: 428 daAuts
